 Dungeon Crawl Stone Soup version 0.29-a0-664-gff9cad4a3d (webtiles) character file.

Game seed: 16998540736967993249

2443 sammy202020 the Fighter (level 9, -3/82 HPs)
             Began as a Minotaur Fighter on June 22, 2022.
             Slain by a kobold brigand
             ... wielding a +0 war axe
              (8 damage)
             ... in a bailey.
             The game lasted 00:08:44 (6668 turns).

sammy202020 the Fighter (Minotaur Fighter)          Turns: 6668, Time: 00:08:44

Health: -3/82      AC: 12    Str: 26    XL:     9   Next: 25%
Magic:  8/8        EV: 10    Int:  9    God:
Gold:   281        SH:  6    Dex: 15    Spells: 8/8 levels left

rFire   . . .      SeeInvis .   i - +0 hand axe (freeze)
rCold   + . .      Faith    .   c - +0 buckler
rNeg    . . .      Spirit   .   r - +1 chain mail
rPois   .          Reflect  .   (helmet restricted)
rElec   +          Harm     .   y - +0 cloak
rCorr   +          Rampage  .   (no gloves)
Will    .....                   (no boots)
Stlth   ..........              (no amulet)
HPRegen 0.23/turn               z - ring "Ocakolab" {Fly rCorr Str+4}
MPRegen 0.11/turn               x - +6 ring of dexterity

@: flying, slowed, very slow
A: horns 2, retaliatory headbutt, hooves 1, cold resistance 1, electricity
resistance, noise suppression
a: no special abilities


You were in a bailey.
You visited 1 branch of the dungeon, and saw 7 of its levels.
You also visited: Bailey.

You collected 281 gold pieces.

Inventory:

Hand Weapons
 a - a +0 war axe
 e - a +2 flail of protection
 i - a +0 hand axe of freezing (weapon)
Missiles
 m - 4 javelins (quivered)
 o - 6 boomerangs
 w - 3 throwing nets
Armour
 c - a +0 buckler (worn)
 r - a +1 chain mail (worn)
 y - a +0 cloak (worn)
Jewellery
 b - a ring of flight
 x - a +6 ring of dexterity (right hand)
 z - the ring "Ocakolab" (left hand) {Fly rCorr Str+4}
   (You found it on level 7 of the Dungeon)

   [ring of flight]

   Str:       It affects your strength (+4).
   Fly:       It grants you flight.
   rCorr:     It protects you from acid and corrosion.
Wands
 n - a wand of charming (13)
 t - a wand of mindburst (29)
 A - a wand of flame (17)
Scrolls
 p - 2 scrolls of poison
 q - a scroll of fog
 u - a scroll of identify
Potions
 d - a potion of might
 f - a potion of mutation
 g - 2 potions of brilliance
 j - 3 potions of attraction
 k - a potion of resistance
 l - a potion of haste {unknown}
 s - a potion of lignification {unknown}
 v - a potion of magic {unknown}
 B - a potion of cancellation {unknown}


   Skills:
 * Level 8.8 Fighting
 * Level 8.4 Axes
 + Level 6.8 Armour
 + Level 4.8 Dodging
 + Level 6.7 Shields


You had 8 spell levels left.
You didn't know any spells.
Your spell library contained the following spells:

 Spells                   Type           Power      Damage    Failure   Level
 Necrotize                Necr           0%         1d4       96%         1
 Sting                    Tmut/Pois      0%         1d3       96%         1
 Poisonous Vapours        Pois/Air       0%         N/A       99%         2
 Dazzling Flash           Conj/Hex       0%         N/A       100%        3
 Gell's Gravitas          Tloc           0%         N/A       100%        3
 Teleport Other           Tloc           0%         N/A       100%        3
 Vampiric Draining        Necr           0%         2d6       100%        3
 Olgreb's Toxic Radiance  Pois           0%         N/A       100%        4
 Agony                    Necr           0%         N/A       100%        5
 Silence                  Hex/Air        0%         N/A       100%        5
 Dispersal                Tloc           0%         N/A       100%        6


Dungeon Overview and Level Annotations

Branches:
Dungeon (7/15)             Bailey (1/1)
 Temple: D:4-7

Altars:
Ru

Shops:
D:3 (


Innate Abilities, Weirdness & Mutations

You have a pair of horns on your head.
You reflexively headbutt those who attack you in melee.
You have large cloven feet.
Your flesh is cold resistant. (rC+)
You are resistant to electric shocks. (rElec)
You passively dampen the noise of your surroundings.


Message History

Your headbutt misses the kobold brigand.
The kobold brigand is heavily wounded.
The kobold brigand barely misses you.
You closely miss the kobold brigand.
You kick the kobold brigand, but do no damage.
The kobold brigand is heavily wounded.
The kobold brigand hits you with a +0 war axe.
* * * LOW HITPOINT WARNING * * *
The kobold brigand hits you with a +0 war axe.
* * * LOW HITPOINT WARNING * * *
You block the kobold brigand's attack.
You feel better.
The kobold brigand barely misses you. x2
You hit the kobold brigand. You freeze the kobold brigand.
The kobold brigand is moderately wounded.
You miss the kobold brigand.
The kobold brigand hits you but does no damage.
You block the kobold brigand's attack. x3
You hit the kobold brigand. You freeze the kobold brigand.
You headbutt the kobold brigand!
The kobold brigand is almost dead.
You hit the kobold brigand. You freeze the kobold brigand.
The kobold brigand hits you but does no damage.
The kobold brigand hits you with a +0 war axe.
* * * LOW HITPOINT WARNING * * *
You hit the kobold brigand. You freeze the kobold brigand.
You kill the kobold brigand!
You hit the kobold brigand. You freeze the kobold brigand.
The kobold brigand hits you with a +0 war axe.
* * * LOW HITPOINT WARNING * * *
You closely miss the kobold brigand.
Your headbutt misses the kobold brigand.
The kobold brigand is almost dead.
You block the kobold brigand's attack.
The kobold brigand hits you with a +0 war axe.
* * * LOW HITPOINT WARNING * * *
You closely miss the kobold brigand.
You kick the kobold brigand, but do no damage.
The kobold brigand is almost dead.
The kobold brigand hits you with a +0 war axe!
You die...

≈.......≈≈.
≈.......≈≈##
≈.......≈≈.
≈≈.......≈≈###
.≈≈.......≈≈..
#≈≈.......≈≈###.#
.≈≈.......≈≈....#
#≈≈.....K@≈≈###.#
.≈≈.....)((≈....#
#≈≈......(≈)#####
#≈.......≈##
####...#### #...#
#...# #...#
##'''##


You could see a kobold brigand.

Vanquished Creatures
  The ghost of zeratav the Archer, a novice SpAM of Dithmenos (D:6)
  Menkaure (D:7)
  A water moccasin (D:6)
  Duvessa (D:4)
  A sky beast (D:7)
  2 ice beasts
  A centaur (D:5)
  An ogre (D:6)
  A phantom (D:5)
  3 kobold brigands
  A necrophage (D:6)
  3 scorpions (D:6)
  Dowan (D:4)
  A howler monkey (D:6)
  3 hounds
  3 orc priests
  A gnoll shaman (D:6)
  An iguana (D:4)
  6 orc wizards
  Natasha (twice) (D:4)
  Robin (D:4)
  7 adders
  14 gnolls
  3 white imps
  A worm (D:2)
  2 dart slugs
  21 orcs
  11 ball pythons
  4 endoplasms
  4 giant cockroaches (D:1)
  16 goblins
  4 hobgoblins
  8 jackals
  20 kobolds
  2 quokkas (D:4)
  7 bats
  2 frilled lizards
  2 rats
164 creatures vanquished.

Notes
Turn   | Place    | Note
-------+----------+-------------------------------------------
     0 | D:1      | sammy202020 the Minotaur Fighter began the quest for the
                  | Orb.
     0 | D:1      | Reached XP level 1. HP: 19/19 MP: 0/0
   148 | D:1      | Found a faded altar of an unknown god.
   152 | D:1      | Reached XP level 2. HP: 27/27 MP: 1/1
   500 | D:1      | Reached XP level 3. HP: 33/33 MP: 2/2
  1017 | D:2      | Reached skill level 1 in Dodging
  1241 | D:2      | Found a sacrificial altar of Ru.
  1266 | D:2      | Reached XP level 4. HP: 36/41 MP: 3/3
  1620 | D:2      | Gained mutation: You expend magic power (3 MP) to
                  | strengthen your wands. [potion of mutation]
  1620 | D:2      | Gained mutation: Your flesh is heat resistant. (rF+)
                  | [potion of mutation]
  1627 | D:2      | Lost mutation: Your flesh is heat resistant. (rF+) [potion
                  | of mutation]
  1627 | D:2      | Lost mutation: You expend magic power (3 MP) to strengthen
                  | your wands. [potion of mutation]
  1627 | D:2      | Gained mutation: You are resistant to electric shocks.
                  | (rElec) [potion of mutation]
  1627 | D:2      | Gained mutation: Your flesh is cold resistant. (rC+)
                  | [potion of mutation]
  1627 | D:2      | Gained mutation: You passively dampen the noise of your
                  | surroundings. [potion of mutation]
  1627 | D:2      | Gained mutation: You have large cloven feet. [potion of
                  | mutation]
  1668 | D:3      | Found Itufuger's Antique Weapon Emporium.
  2600 | D:4      | Noticed Robin
  2612 | D:4      | Killed Robin
  2619 | D:4      | Reached XP level 5. HP: 29/47 MP: 4/4
  2845 | D:4      | Reached skill level 5 in Fighting
  3185 | D:4      | Noticed Dowan
  3186 | D:4      | Noticed Duvessa
  3201 | D:4      | Killed Duvessa
  3202 | D:4      | Reached XP level 6. HP: 44/56 MP: 5/5
  3204 | D:4      | Killed Dowan
  3311 | D:4      | Reached skill level 5 in Axes
  3628 | D:4      | Noticed Natasha
  3643 | D:4      | Killed Natasha
  3768 | D:4      | Noticed Natasha
  3771 | D:4      | Killed Natasha
  3913 | D:4      | Reached skill level 5 in Armour
  3913 | D:4      | Reached XP level 7. HP: 60/63 MP: 6/6
  3930 | D:4      | Identified the +1 robe of the Orange Skies {rElec}
  3949 | D:5      | Entered Level 5 of the Dungeon
  3956 | D:5      | Reached skill level 5 in Shields
  4372 | D:6      | Reached XP level 8. HP: 59/71 MP: 7/7
  5602 | D:6      | Found a runed translucent gate.
  5603 | D:6      | Found a runed translucent gate.
  5603 | D:6      | Found a runed translucent gate.
  5605 | D:6      | Noticed zeratav's ghost (novice SpAM)
  5636 | D:6      | Killed zeratav's ghost
  5972 | D:6      | Reached XP level 9. HP: 77/82 MP: 8/8
  6333 | D:7      | Noticed Menkaure
  6343 | D:7      | Killed Menkaure
  6430 | D:7      | Identified the ring "Ocakolab" {Fly rCorr Str+4}
  6615 | D:7      | Found a flagged portal.
  6625 | Bailey   | Entered a bailey
  6667 | Bailey   | HP: 4/82 [kobold brigand/+0 war axe (4)]
  6668 | Bailey   | Slain by a kobold brigand

Illustrated notes

Levels and vault maps discovered:
D:1:      dpeg_arrival_pits, layout_basic, shapermc_ecumenical_altar_venn,
          grunt_decor_junction, minmay_worlds_worst_comb
D:2:      layout_basic, basic_altar, chequers_mini_garden,
          kennysheep_generic_room_3
D:3:      layout_basic, serial_shops, shop
D:4:      layout_rooms, uniq_natasha, uniq_duvessa, uniq_robin
D:5:      minmay_spotlight, layout_rooms, minmay_temple_entry_trees
D:6:      layout_basic, ebering_ghost_rock_garden
D:7:      layout_loops_corners, enter_bailey_3, uniq_menkaure
Bailey:   bailey_axe_3, bailey

Skill      XL: |  1  2  3  4  5  6  7  8  9 |
---------------+----------------------------+-----
Axes           | 3 4 5 6 7 8 |  8.4
Fighting       | 4 5 6 8 |  8.8
Dodging        | 1 2 3 4 |  4.8
Shields        | 4 5 6 |  6.7
Armour         | 4 5 6 |  6.8

Action                   |  1- 3 |  4- 6 |  7- 9 || total
-------------------------+-------+-------+-------++-------
Melee: War axe           |    28 |       |       ||    28
       Headbutt          |     5 |    15 |    38 ||    58
       Hand axe          |    25 |   106 |   246 ||   377
       Kick              |       |    25 |    74 ||    99
  Use: Scroll            |     4 |     2 |    10 ||    16
       Potion            |     1 |     5 |     2 ||     8
Armor: Scale mail        |    32 |    11 |       ||    43
       Chain mail        |       |    64 |    87 ||   151
Dodge: Dodged            |    29 |    50 |    77 ||   156
Block: Buckler           |    17 |    25 |    53 ||    95

Table legend: (Time is in decaauts)
 A = Elapsed time spent in this place.
 B = Non-inter-level travel time spent in this place.
 C = Inter-level travel time spent in this place.
 D = Time resting spent in this place.
 E = Time spent auto-exploring this place.
 F = Levels seen in this place.
 G = Mean time per level.
                   A        B        C        D        E       F      G
               +--------+--------+--------+--------+--------+-----+--------+
         Total |   6755 |   6635 |    120 |    100 |   5354 |   8 |  844.4 |
       Dungeon |   6710 |   6590 |    120 |    100 |   5347 |   7 |  958.6 |
        Bailey |     44 |     44 |      0 |      0 |      7 |   1 |   44.0 |
               +--------+--------+--------+--------+--------+-----+--------+

Top non-repeatable levels by time:
     D:6: 1896 daAuts
     D:4: 1372 daAuts
     D:3: 926 daAuts
     D:2: 852 daAuts
     D:1: 831 daAuts
     D:7: 464 daAuts
     D:5: 366 daAuts
  Bailey: 44 daAuts
